 Dungeon Crawl Stone Soup version 0.17-a0-1197-g2d00c63 (console) character file.

32 lauthentik the Sneak (level 3, 0/27 HPs)
             Began as a Vampire Assassin on June 2, 2015.
             Was an Initiate of Kikubaaqudgha.
             Slain by a quokka (5 damage)
             ... on level 2 of the Dungeon.
             The game lasted 00:04:14 (1418 turns).

lauthentik the Sneak (Vampire Assassin)             Turns: 1418, Time: 00:04:14

Health: 0/27       AC:  3    Str: 10    XL:     3   Next: 8%
Magic:  3/3        EV: 12    Int: 19    God:    Kikubaaqudgha [......]
Gold:   85         SH:  0    Dex: 15    Spells: 0 memorised, 2 levels left

rFire  . . .     SeeInvis +     r - +0 dagger (curse)
rCold  + . .     Clarity  .     j - +0 robe
rNeg   + + +     SustAt   .     (no shield)
rPois  +         Gourm    .     (no helmet)
rElec  .         Spirit   .     d - +0 cloak
rCorr  .         Warding  .     (no gloves)
rMut   .         Stasis   .     (no boots)
MR     .....                    (no amulet)
Stlth  ++++......               p - +5 ring of intelligence
                                i - ring of positive energy

@: regenerating slowly, not resistant to hostile enchantments, stealthy
A: fangs 3, see invisible, unbreathing
a: Bat Form, Renounce Religion


You were on level 2 of the Dungeon.
You worshipped Kikubaaqudgha.
Kikubaaqudgha was noncommittal.
You were very thirsty.

You visited 1 branch of the dungeon, and saw 2 of its levels.

You collected 85 gold pieces.

Inventory:

Hand weapons
 a - a +2 dagger
 b - a +0 blowgun
 r - a cursed +0 dagger (weapon)
Missiles
 e - 7 poisoned needles
 f - 2 curare-tipped needles
Armour
 c - a +0 robe
 d - a +0 cloak (worn)
 j - a +0 robe (worn)
Jewellery
 i - a ring of positive energy (left hand)
 k - an uncursed ring of see invisible
 p - a +5 ring of intelligence (right hand)
Scrolls
 l - 4 scrolls of identify
 n - 2 scrolls of teleportation {unknown}
 q - a scroll of enchant armour {unknown}
Potions
 g - 4 potions of blood
 h - 2 potions of heal wounds
 m - a potion of invisibility {unknown}
 o - 2 potions of curing {unknown}
 s - a potion of brilliance {unknown}


   Skills:
 + Level 2.0 Fighting
 + Level 0.2 Short Blades
 + Level 1.8 Throwing
 + Level 1.7 Dodging
 + Level 6.8 Stealth


You had 2 spell levels left.
You didn't know any spells.

Dungeon Overview and Level Annotations

Branches:
Dungeon (2/15)

Altars:
Kikubaaqudgha
Vehumet


Innate Abilities, Weirdness & Mutations

You heal slowly.
You have razor-sharp teeth.
You have supernaturally acute eyesight.
You can survive without breathing.


Message History

* * * LOW HITPOINT WARNING * * *
The bat hits you but does no damage.
You are too injured to fight recklessly!
The bat hits you but does no damage. The bat hits you but does no damage.
The quokka twitches its whiskers.
The bat hits you.
* * * LOW HITPOINT WARNING * * *
The quokka misses you.
You are too injured to fight recklessly!
You are too injured to fight recklessly!
You are too injured to fight recklessly!
You hit the quokka.
The quokka is lightly wounded.
The quokka barely misses you.
You barely miss the quokka.
The quokka is lightly wounded.
The bat misses you. The bat closely misses you. The quokka bites you.
You die...
Kikubaaqudgha rasps: "You have failed me!
Welcome... oblivion!"

.. #.## # ..#######..##.#
............. #
....#....#.####. .
................
...........######
..##....$w......#
.##.....#.r?##.#
#.........##@...## .##
..##.......b..##.# ..# .
#####........# #..# .
#.........#.## ###..##.
...............###..##.......
..##.......##..#####.#.......
..............##).##.......
......#......................
......$...#...##...##........


You could see a worm, a quokka and a bat.

Vanquished Creatures
  An ooze (D:2)
  A ball python (D:1)
  3 bats
  5 hobgoblins
  3 jackals (D:2)
  4 giant newts
  4 goblins
  2 kobolds (D:1)
  3 rats
26 creatures vanquished.

Notes
Turn   | Place    | Note
--------------------------------------------------------------
     0 | D:1      | lauthentik the Vampire Assassin began the quest for the Orb.
     0 | D:1      | Reached XP level 1. HP: 16/16 MP: 1/1
    77 | D:1      | Reached skill level 6 in Stealth
   241 | D:1      | Reached XP level 2. HP: 20/22 MP: 2/2
  1308 | D:2      | Reached XP level 3. HP: 20/27 MP: 3/3
  1337 | D:2      | Found an ancient bone altar of Kikubaaqudgha.
  1337 | D:2      | Found a radiant altar of Vehumet.
  1341 | D:2      | Became a worshipper of Kikubaaqudgha
  1418 | D:2      | Slain by a quokka

Vault maps used:
D:1:      dpeg_arrival_ternary, minmay_misc_feat_alley
D:2:      tgw_trog, led_sif_pool, gammafunk_temple_overflow_elements,
          first_bread, grunt_decor_resistance, minmay_misc_feat_pillars

Action                   || total
-------------------------++-------
Melee: Dagger            ||   104
 Fire: Blowgun           ||     1
  Use: Scroll            ||     1
 Stab: Sleeping          ||     9
